Match 45254343
Unlisted

Match 45254343
End
Construct Barracks
Riflemen Squad
Riflemen Squad
Selects Advanced Infantry Battlegroup
Grenade Package
Riflemen Squad
Selects Convert to Ranger Squad
Infantry Support Center
Construct Motor Pool
Selects Frontline Medical Station
Frontline Medical Station
M1 Anti-tank Gun Team
Advanced Logistics
Survival Training
M1918 Browning Automatic Rifles
Selects Infantry Assault
Infantry Assault
Convert to Ranger Squad
Riflemen Squad
Engineer Squad
Convert to Ranger Squad
Infantry Assault
MatioS
Raiden
Rommels Zirkus
Dirkradix
我小叮当今晚要搞事!
welnez
旧时光
0
0

Comments sign in to comment!

No comments posted yet!